 Dungeon Crawl Stone Soup version 0.21-a0-440-g28109cb (webtiles) character file.

62 KristoblXynda the Shield-Bearer (level 3, -2/31 HPs)
             Began as a Draconian Fighter on Nov 11, 2017.
             Slain by a gnoll
             ... wielding a +0 whip
              (3 damage)
             ... on level 2 of the Dungeon.
             The game lasted 00:01:14 (606 turns).

KristoblXynda the Shield-Bearer (Draconian Fighter)  Turns: 606, Time: 00:01:16

Health: -2/31      AC:  5    Str: 23    XL:     3   Next: 85%
Magic:  3/3        EV: 10    Int: 14    God:
Gold:   24         SH:  9    Dex: 10    Spells: 2/2 levels left

rFire    . . .     SeeInvis .   a - +0 long sword
rCold    . . .     Gourm    .   b - +0 shield
rNeg     . . .     Faith    .   (armour unavailable)
rPois    .         Spirit   .   (helmet restricted)
rElec    .         Reflect  .   (no cloak)
rCorr    .         Harm     .   (no gloves)
MR       .....                  (no boots)
Stlth    +.........             (no amulet)
HPRegen  0.10/turn              (no ring)
MPRegen  0.08/turn              (no ring)

@: mighty, brilliant
A: unfitting armour, cold-blooded, AC +5
a: no special abilities


You were on level 2 of the Dungeon.
You were not hungry.

You visited 1 branch of the dungeon, and saw 2 of its levels.

You collected 24 gold pieces.

Inventory:

Hand Weapons
 a - a +0 long sword (weapon)
Armour
 b - a +0 shield (worn)
Scrolls
 e - 3 scrolls of identify {unknown}
 g - a scroll of noise {unknown}
 i - a scroll of blinking {unknown}
 k - a scroll of fog {unknown}
 l - a scroll of enchant weapon {unknown}
Potions
 c - a potion of might
Comestibles
 d - a bread ration
 f - 2 meat rations


   Skills:
 - Level 3.2 Fighting
 * Level 3.6 Long Blades
 - Level 2.6 Dodging
 + Level 3.6 Shields


You had 2 spell levels left.
You didn't know any spells.

Dungeon Overview and Level Annotations

Branches:
Dungeon (2/15)

Altars:


Innate Abilities, Weirdness & Mutations

Your plain brown scales are hard. (AC +5)
You cannot fit into any form of body armour.
You are cold-blooded and may be slowed by cold attacks.


Message History

You hit the gnoll shaman.
The gnoll shaman is almost dead.
You block the gnoll shaman's attack.
The gnoll shaman hits you but does no damage.
You slash the gnoll shaman!
You kill the gnoll shaman!
The gnoll hits you with a whip.
* * * LOW HITPOINT WARNING * * *
The gnoll hits you with a whip.
* * * LOW HITPOINT WARNING * * *
You slash the gnoll!
The gnoll is severely wounded.
The gnoll hits you but does no damage.
You completely miss the gnoll.
The gnoll is severely wounded.
You block the gnoll's attack. The gnoll barely misses you.
You barely miss the gnoll.
The gnoll is severely wounded.
The gnoll hits you with a whip.
You die...

# .# ..## #####...
#.....# #.###.....#
#.........#
######.....#
#..@gg.....#
.#######.###.##.#.#
.........# #.#....#
.#######.###......#
#............
#.#..###.###.#
#.#..# .# .#
..#..###[###.
####..........


You could see 2 gnolls.

Vanquished Creatures
  A gnoll shaman (D:2)
  A gnoll (D:2)
  A dart slug (D:1)
  3 bats (D:1)
  A giant cockroach (D:1)
  4 goblins
  A hobgoblin (D:1)
  2 jackals (D:1)
  A ball python (D:1)
  5 frilled lizards
  2 kobolds (D:1)
  2 rats (D:1)
24 creatures vanquished.

Notes
Turn   | Place    | Note
-------+----------+-------------------------------------------
     0 | D:1      | KristoblXynda the Draconian Fighter began the quest for the Orb.
     0 | D:1      | Reached XP level 1. HP: 19/19 MP: 1/1
   215 | D:1      | Reached XP level 2. HP: 22/26 MP: 2/2
   586 | D:2      | Reached XP level 3. HP: 25/31 MP: 3/3
   603 | D:2      | HP: 1/31 [gnoll/whip (2)]
   606 | D:2      | Slain by a gnoll

Vault maps used:
D:1:      dpeg_arrival_boxorama
D:2:      minmay_diamond_boxcup

Skill      XL: |  1  2 |
---------------+-------+-----
Long Blades    | 3 |  3.6
Fighting       | |  3.2
Dodging        | |  2.6
Shields        | |  3.6

Action                   || total
-------------------------++-------
Melee: Long sword        ||    79
       Tailslap          ||     6
  Use: Potion            ||     3
Armor: Skin              ||    29
Dodge: Dodged            ||    29
Block: Shield            ||    44
       Rpst.: Long sword ||     9

Table legend:
 A = Spawn XP
 B = Non-spawn XP
 C = Spawn XP percentage of total XP
 D = Spawn monster count
 E = Non-spawn monster count
 F = Spawn count percentage of total count
 G = Total turns spent on level
                    A         B        C        D         E        F      G
               +---------+---------+-------+---------+---------+-------+---------
         Total |       0 |      89 |   0.0 |       0 |      24 |   0.0 |   606
               +---------+---------+-------+---------+---------+-------+---------
           D:1 |       0 |      30 |   0.0 |       0 |      19 |   0.0 |   558
           D:2 |       0 |      59 |   0.0 |       0 |       5 |   0.0 |    48
               +---------+---------+-------+---------+---------+-------+---------
